 Dungeon Crawl Stone Soup version 0.29-a0-284-gf9362112df (webtiles) character file.

Game seed: 7787478215893243416

28 spaghetti the Sneak (level 3, -4/26 HPs)
             Began as an Octopode Delver on Mar 28, 2022.
             Was an Initiate of Yredelemnul.
             Slain by a wyvern (16 damage)
             ... on level 5 of the Dungeon.
             The game lasted 00:00:56 (265 turns).

spaghetti the Sneak (Octopode Delver)                Turns: 265, Time: 00:00:57

Health: -4/26      AC:  1    Str: 11    XL:     3   Next: 12%
Magic:  3/3        EV: 13    Int: 14    God:    Yredelemnul [......]
Gold:   0          SH:  0    Dex: 13    Spells: 2/2 levels left

rFire   . . .      SeeInvis .   a - +0 short sword {short}
rCold   . . .      Faith    .   (no shield)
rNeg    . . .      Spirit   .   (helmet restricted)
rPois   .          Reflect  .   (no amulet)
rElec   .          Harm     .   (no ring)
rCorr   .          Rampage  .   (no ring)
Will    .....                   (no ring)
Stlth   +++++.....              (no ring)
HPRegen 0.08/turn               (no ring)
MPRegen 0.08/turn               (no ring)
                                (no ring)
                                (no ring)

@: no status effects
A: almost no armour, amphibious, 8 rings, camouflage 1, gelatinous body 1,
(nimble swimmer 1), tentacles
a: Renounce Religion, Recall Undead Harvest


You were on level 5 of the Dungeon.
You worshipped Yredelemnul.
Yredelemnul was noncommittal.
You visited 2 branches of the dungeon, and saw 2 of its levels.


Innate Abilities, Weirdness & Mutations

You cannot wear most types of armour.
You are amphibious.
You can wear up to eight rings at the same time.
Your skin changes colour to match your surroundings (Stealth+).
Your rubbery body absorbs attacks. (AC +1, EV +1)
((You are camouflaged when in or above water. (Stealth+)))
You have tentacles for arms and can constrict up to eight enemies at once.


   Skills:
 - Level 3.0 Fighting
 - Level 2.0 Short Blades
 - Level 2.0 Dodging
 + Level 7.9 Stealth
 * Level 0.0 Invocations


You had 2 spell levels left.
You didn't know any spells.
Your spell library was empty.

Inventory:

Hand Weapons
 a - a +0 short sword (weapon) {short}
Missiles
 g - a throwing net (quivered) {=f!fthrowing}
 h - 9 poisoned darts {throwing}
 i - 32 stones {throwing}
Wands
 f - a wand of digging (3)
Scrolls
 b - a scroll of fog
 c - a scroll of magic mapping {!r}
 d - a scroll of fear
 k - a scroll of holy word {unknown}
Potions
 e - a potion of haste {@q3}
 j - a potion of heal wounds {unknown}

Dungeon Overview and Level Annotations

Branches:
Dungeon (5/15)             Temple (1/1) D:5

Altars:
Ashenzari
Cheibriados
Elyvilon
Fedhas
Hepliaklqana
Makhleb
Nemelex Xobeh
Okawaru
Qazlal
Ru
Vehumet
Xom
Yredelemnul

....## ........ .....#
........#####
.....###.......#....#
....................#
....≈≈≈≈≈...........# .
..≈≈≈≈≈≈≈≈≈.........######..
≈≈≈≈≈≈≈≈≈≈≈≈≈...............
≈≈≈≈≈...≈≈≈≈≈≈..l...........
......>.≈≈≈≈≈≈..@>..........
≈≈≈≈≈...≈≈≈≈≈≈.#.###........
≈≈≈≈≈≈≈≈≈≈≈≈≈≈.#.#..........
≈≈≈≈≈≈≈≈≈≈≈≈≈..#.#.#........
..≈≈≈≈≈≈≈≈≈........#........
....≈≈≈≈≈......#.##.........
...............#............
...............##...#..###.#
#...........##....#.#.##...#


You could see a wyvern.


Message History

You open the door.
There is an open door here.
You open the door.
Found a broken altar of Ashenzari.
There is an open door here.
Found an iron altar of Okawaru.
You open the door.
Found a stormy altar of Qazlal.
There is an open door here.
Found a radiant altar of Vehumet.
Done exploring.
Done exploring.
There is an open door here.
There is an open door here.
There is an open door here.
There is an open door here.
There is an open door here.
There is a basalt altar of Yredelemnul here.
You curl up in front of the altar of Yredelemnul.
Yredelemnul welcomes you!
You can now reap souls.
You can now recall your undead harvest.
Unknown command.
Press < or > to pray at altars.
Done exploring.
Done exploring.
Done exploring.
(D) Dungeon (T) Temple
Where to? (? - help)
There is an open door here.
There is an open door here.
There is a staircase back to the Dungeon here.
You climb upwards.
There is a staircase to the Ecumenical Temple here.
g - a throwing net {=f!fthrowing}
h - 5 poisoned darts {throwing}
h - 9 poisoned darts {throwing} (gained 4)
A hound comes into view.
Found a stone staircase leading up.
A hound is nearby!
A hound is nearby!
The helpless hound fails to defend itself.
You puncture the hound! You grab the hound. You squeeze the hound.
You kill the hound!
A black mist starts to gather...
Your Stealth skill increases to level 7!
You have reached level 2!
You have reached level 3!
Your experience leads to an increase in your attributes!
Increase (S)trength, (I)ntelligence, or (D)exterity?
You feel clever. x2 😎 HP[+10] MP[+2]
You now have 26 max hp (+10).
Your hp is fully restored (26).
Your mp is fully restored (3).
Your library has no spells.
i - 13 stones {throwing}
There is a stone staircase leading up here.
i - 32 stones {throwing} (gained 19)
You swap places.
j - a brown potion
There is a stone staircase leading up here.
Key pressed, stopping explore.
k - a scroll labelled BITROQ XUZUDGHU
Found a stone staircase leading down.
A wyvern comes into view.
A wyvern is nearby!
The helpless wyvern fails to defend itself.
You puncture the wyvern! The wyvern bites you. 😕 HP[-3]
You take 3 damage, and now have 23/26 hp.
You hit the wyvern but do no damage. The wyvern bites you.
Your hound zombie barely misses the wyvern.
The wyvern barely misses you.
Your hound zombie closely misses the wyvern. 😕 HP[-1]
You take 1 damage, and now have 22/26 hp.
You hit the wyvern. Your squeeze misses the wyvern. The wyvern misses you.
Your hound zombie bites the wyvern but does no damage. 😕 HP[+1]
You barely miss the wyvern. Your squeeze misses the wyvern.
The wyvern barely misses you.
Your hound zombie bites the wyvern but does no damage.
The wyvern bites your hound zombie.
You hit the wyvern but do no damage.
Your hound zombie barely misses the wyvern.
The wyvern bites you!
* * * LOW HITPOINT WARNING * * *
😨 HP[-11]
You take 11 damage, and now have 12/26 hp.
MASSIVE DAMAGE!! (PAUSE)
Your hound zombie bites the wyvern.
The wyvern closely misses your hound zombie.
The wyvern bites your hound zombie!!
Your hound zombie is destroyed!
The wyvern hisses angrily.
You hit the wyvern but do no damage. You squeeze the wyvern.
The wyvern bites you!
Ouch! That really hurt!
You die...
Your body rises from the dead as a mindless zombie.

Skill      XL: |  1 |
---------------+----+-----
Stealth        | 7 |  7.9
Fighting       | |  3.0
Short Blades   | |  2.0
Dodging        | |  2.0

Action                   || total
-------------------------++-------
Melee: Short sword       ||     7
       Tentacles         ||     2
       Constrict         ||     1
 Stab: Sleeping          ||     2
Dodge: Dodged            ||     3

Levels and vault maps discovered:
D:5:      layout_rooms, nicolae_sif_muna_condensation, temple_pool_b
Temple:   nicolae_temple_god_jail

Notes
Turn   | Place    | Note
-------+----------+-------------------------------------------
     0 | D:5      | spaghetti the Octopode Delver began the quest for the Orb.
     0 | D:5      | Reached XP level 1. HP: 16/16 MP: 1/1
     0 | D:5      | magus.rc [v1.9.6]
    35 | D:5      | Found a staircase to the Ecumenical Temple.
    46 | Temple   | Entered the Ecumenical Temple
   117 | Temple   | Became a worshipper of Yredelemnul the Dark
   161 | D:5      | Noticed a hound
   168 | D:5      | Killed a hound
   169 | D:5      | Reached skill level 7 in Stealth
   169 | D:5      | Reached XP level 2. HP: 21/21 MP: 2/2
   169 | D:5      | Reached XP level 3. HP: 26/26 MP: 3/3
   251 | D:5      | Noticed a wyvern
   265 | D:5      | Slain by a wyvern

Vanquished Creatures
  A hound (D:5)
1 creature vanquished.

Vanquished Creatures (others)
  A hound zombie (D:5)
1 creature vanquished.

Grand Total: 2 creatures vanquished

Table legend:
 A = Non-vault XP
 B = Vault XP
 C = Vault XP percentage of total XP
 D = Non-vault monster count
 E = Vault monster count
 F = Vault count percentage of total count
                 A         B        C        D         E       F
            +---------+---------+-------+---------+---------+-------
      Total |      40 |       0 |   0.0 |       1 |       0 |   0.0
            +---------+---------+-------+---------+---------+-------
        D:5 |      40 |       0 |   0.0 |       1 |       0 |   0.0
            +---------+---------+-------+---------+---------+-------

Illustrated notes

Table legend:
 A = Kills in this place as a percentage of kills in entire the game.
 B = Kills by you in this place as a percentage of kills by you in the entire game.
 C = Kills by friends in this place as a percentage of kills by friends in the entire game.
 D = Other kills in this place as a percentage of other kills in the entire game.
 E = Experience gained in this place as a percentage of experience gained in the entire game.
 F = Experience gained in this place divided by the number of levels of this place that you have seen.
                   A       B       C       D       E      F
               +-------+-------+-------+-------+-------+----------------------
         Total | 100.0 | 100.0 |   N/A |   N/A | 100.0 |  20.0
       Dungeon | 100.0 | 100.0 |   N/A |   N/A | 100.0 |  40.0
               +-------+-------+-------+-------+-------+----------------------

Table legend: (Time is in decaauts)
 A = Elapsed time spent in this place.
 B = Non-inter-level travel time spent in this place.
 C = Inter-level travel time spent in this place.
 D = Time resting spent in this place.
 E = Time spent auto-exploring this place.
 F = Levels seen in this place.
 G = Mean time per level.
                   A        B        C        D        E       F      G
               +--------+--------+--------+--------+--------+-----+--------+
         Total |    265 |    255 |     10 |      0 |    172 |   2 |  132.5 |
       Dungeon |    184 |    183 |      1 |      0 |    145 |   1 |  184.0 |
        Temple |     80 |     71 |      9 |      0 |     27 |   1 |   80.0 |
               +--------+--------+--------+--------+--------+-----+--------+

Top non-repeatable levels by time:
     D:5: 184 daAuts
  Temple: 80 daAuts
